 Seeded DCSS version 0.28-a0-595-g9f6c0e134a (webtiles) character file.

Game seed: 20211004 (custom seed)

258 a11behringer the Slasher (level 5, 0/43 HPs)
             Began as a Palentonga Berserker on Oct 4, 2021.
             Was a Believer of Trog.
             Slain by a gnoll sergeant (6 damage)
             ... on level 7 of the Dungeon.
             The game lasted 00:10:51 (2508 turns).

a11behringer the Slasher (Palentonga Berserker)     Turns: 2508, Time: 00:10:52

Health: 0/43       AC:  8    Str: 20    XL:     5   Next: 94%
Magic:  5/5        EV:  9    Int:  8    God:    Trog [**....]
Gold:   55         SH:  0    Dex: 10    Spells: 4/4 levels left

rFire   . . .      SeeInvis +   a - +0 falchion
rCold   . . .      Faith    .   (no shield)
rNeg    + . .      Spirit   .   f - +2 robe {rN+}
rPois   .          Reflect  .   h - +2 hat
rElec   .          Harm     .   (no cloak)
rCorr   .          Rampage  .   (no gloves)
Will    .....                   (no barding)
Stlth   +.........              (no amulet)
HPRegen 0.14/turn               (no ring)
MPRegen 0.09/turn               (no ring)

@: on berserk cooldown, slowed, very slow
A: large, rugged brown scales 3, see invisible, deformed body, roll 1, armoured
tail
a: Rolling Charge, Renounce Religion, Berserk, Trog's Hand


You were on level 7 of the Dungeon.
You worshipped Trog.
Trog was pleased with you.
You visited 1 branch of the dungeon, and saw 5 of its levels.

You collected 55 gold pieces.

Inventory:

Hand Weapons
 a - a +0 falchion (weapon)
Armour
 b - a +0 animal skin
 e - a +0 chain mail
 f - a +2 robe of positive energy (worn)
 h - a +2 hat (worn)
 n - a +2 pair of boots
Jewellery
 d - a ring of ice
Potions
 c - 2 potions of might {unknown}
 g - 2 potions of berserk rage
 i - a potion of curing {unknown}
 j - a potion of ambrosia
 m - 3 potions of heal wounds


   Skills:
 - Level 3.0 Fighting
 * Level 6.7 Long Blades
 - Level 1.5 Armour
 - Level 1.5 Dodging


You had 4 spell levels left.
You didn't know any spells.
Your spell library was empty.

Dungeon Overview and Level Annotations

Branches:
Dungeon (4/15)
 Temple: D:4-7

Altars:
Hepliaklqana


Innate Abilities, Weirdness & Mutations

You are completely covered in rugged brown scales. (AC +3, +7% HP)
You have supernaturally acute eyesight. (SInv)
Armour fits poorly on your strangely shaped body.
You can roll at nearby foes to attack.
You have a long armoured tail.


Message History

You feel yourself slow down.
Unknown command.
You feel the effects of Trog's Hand fading.
Your skin stops crawling.
You feel less strong-willed.
You see here 19 stones.
Found a dagger.
Found a large wooden ring.
A dart slug comes into view.
Found a scroll of identify and 7 gold pieces.
You fall into a shaft and drop 3 floors!
The shaft crumbles and collapses.
Found a leather armour.
Found 11 gold pieces.
Found a stone staircase leading up. 2 gnolls come into view.
The gnoll shouts!
You see here a +0 leather armour.
A gnoll sergeant comes into view. It is wielding a +4 spear of freezing.
Found a robe.
The gnoll sergeant shouts!
You hear a shout!
The gnoll throws a throwing net.
The throwing net hits you.
You become entangled in the net!
A gnoll comes into view. It is wielding a +0 club.
You see here a throwing net.
You struggle against the net.
The gnoll shouts!
You hear a shout!
A gnoll comes into view. It is wielding a +0 spear.
You struggle against the net.
You struggle against the net.
The gnoll hits you but does no damage.
You struggle against the net.
The gnoll sergeant hits you from afar with a +4 spear of freezing!
The gnoll sergeant freezes you. The gnoll hits you with a +0 flail.
A gnoll comes into view. It is wielding a +0 whip.
The gnoll hits you from afar with a +0 halberd.
The gnoll sergeant hits you from afar with a +4 spear of freezing.
The gnoll sergeant freezes you. The gnoll barely misses you.
You rip the net and break free!
The gnoll hits you from afar with a +0 halberd!
* * * LOW HITPOINT WARNING * * *
The gnoll sergeant hits you from afar with a +4 spear of freezing.
You die...

..............
.....$.....g.#
.....<.......#
.............#
.........gg..#
.........g...#
.......g.g.#
#@.####
#...#[...#
#[..##....#
..... #.....#
...#...
#...#.# ##
#... ........
#.###.........
#. ##...#....#
#.........


You could see a gnoll sergeant and 5 gnolls.

Vanquished Creatures
  Menkaure (D:4)
  An orc wizard (D:3)
  Robin (D:2)
  4 adders (D:2)
  A dart slug (D:2)
  3 orcs (D:3)
  7 ball pythons
  5 bats
  6 endoplasms
  5 giant cockroaches
  11 goblins
  7 hobgoblins
  3 quokkas
  3 frilled lizards
  5 kobolds
  4 rats
67 creatures vanquished.

Notes
Turn   | Place    | Note
-------+----------+-------------------------------------------
     0 | D:1      | a11behringer the Palentonga Berserker began the quest for
                  | the Orb.
     0 | D:1      | Reached XP level 1. HP: 19/19 MP: 1/1
    34 | D:1      | Found a faded altar of an unknown god.
   203 | D:1      | Reached XP level 2. HP: 25/25 MP: 2/2
   758 | D:2      | Reached skill level 4 in Long Blades
  1045 | D:2      | Reached XP level 3. HP: 31/31 MP: 3/3
  1111 | D:2      | Reached ** piety under Trog
  1328 | D:2      | Noticed Robin
  1357 | D:2      | Killed Robin
  1372 | D:2      | Reached XP level 4. HP: 14/37 MP: 4/4
  1568 | D:2      | Found a hazy altar of Hepliaklqana.
  1586 | D:2      | Reached skill level 5 in Long Blades
  2420 | D:3      | You fall into a shaft and drop 1 floor!
  2448 | D:4      | Noticed Menkaure
  2468 | D:4      | Reached XP level 5. HP: 43/43 MP: 5/5
  2480 | D:4      | Killed Menkaure
  2481 | D:4      | Reached skill level 6 in Long Blades
  2499 | D:4      | You fall into a shaft and drop 3 floors!
  2508 | D:7      | Slain by a gnoll sergeant

Illustrated notes

Levels and vault maps discovered:
D:1:      mrwooster_arrival_statue_2, layout_loops_ring,
          ebering_ecumenical_altar_webs, kennysheep_crisscross, st_stairs_3
D:2:      layout_basic, basic_altar, uniq_robin
D:3:      layout_rooms
D:4:      layout_basic, uniq_menkaure, uniq_ijyb
D:7:      layout_rooms, eino_curves_04, sigmund_army

Skill      XL: |  1  2  3  4  5 |
---------------+----------------+-----
Long Blades    | 4 5 6 |  6.7
Fighting       | |  3.0
Armour         | |  1.5
Dodging        | |  1.5

Action                   |  1- 3 |  4- 6 || total
-------------------------+-------+-------++-------
Melee: Falchion          |    93 |    94 ||   187
       Tailslap          |    11 |     7 ||    18
Invok: Trog's Hand       |     2 |     2 ||     4
       Berserk           |     1 |     1 ||     2
 Abil: Rolling Charge    |     1 |       ||     1
  Use: Potion            |     1 |       ||     1
       Scroll            |       |     5 ||     5
Armor: Robe              |    73 |    40 ||   113
Dodge: Dodged            |    78 |    55 ||   133

Table legend: (Time is in decaauts)
 A = Elapsed time spent in this place.
 B = Non-inter-level travel time spent in this place.
 C = Inter-level travel time spent in this place.
 D = Time resting spent in this place.
 E = Time spent auto-exploring this place.
 F = Levels seen in this place.
 G = Mean time per level.
                   A        B        C        D        E       F      G
               +--------+--------+--------+--------+--------+-----+--------+
         Total |   2542 |   2132 |    410 |      0 |   1623 |   5 |  508.4 |
       Dungeon |   2542 |   2132 |    410 |      0 |   1623 |   5 |  508.4 |
               +--------+--------+--------+--------+--------+-----+--------+

Top non-repeatable levels by time:
     D:2: 1304 daAuts
     D:1: 793 daAuts
     D:3: 347 daAuts
     D:4: 84 daAuts
     D:7: 13 daAuts
